Cogmind - Beta 13 @@@ ROGUE MODE // 2024.07.04 @ 23:01:37 Player: Juicifer Result: Destroyed by G-34 Mercenary with Small Laser Performance ------------- Evolutions (1) 500 Regions Visited (2) 400 Robots Destroyed (60) 300 Value Destroyed (1315) 1315 Prototype IDs (6) 120 Alien Tech Used (0) 0 Bonus (41) 41 TOTAL SCORE: 2676 Bonus ------- High Alert Combat Kills 41 Cogmind --------- Core Integrity 0/400 Matter 238/300 Energy 168/250 System Corruption 0% Temperature Hot (237) Movement Walking (190) Ox1 Location -9/Materials Parts ------- > --- POWER (1) -------- (None) > --- PROPULSION (4) --- Aluminum Leg Aluminum Leg > --- UTILITY (2) ------ Large Storage Unit Medium Battery > --- WEAPON (2) ------- Improved EM Shotgun Heavy Assault Rifle > --- INVENTORY (15) --- Signal Interpreter Improved Targeting Computer Utility Shielding Light Armor Plating Datajack Peak State ------------ > --- POWER ------------ Heavy Ion Engine > --- PROPULSION ------- Improved Aluminum Leg Improved Aluminum Leg Improved Aluminum Leg Improved Aluminum Leg > --- UTILITY ---------- Cooling System Large Storage Unit > --- WEAPON ----------- Beam Rifle Heavy Assault Rifle > --- INVENTORY -------- Improved Ion Engine Signal Interpreter Improved Targeting Computer Utility Shielding Small Laser Light EM Pulse Cannon Assault Rifle Datajack [Rating: 19] Favorites ----------- Power Light Ion Engine Engine Light Ion Engine Propulsion Aluminum Leg Treads Light Treads Leg Aluminum Leg Utility Large Storage Unit Device Cooling System Storage Large Storage Unit Protection Light Armor Plating Weapon Assault Rifle Energy Gun Small Laser Energy Cannon Light EM Pulse Cannon Ballistic Gun Assault Rifle Launcher Grenade Launcher Special Melee Weapon Datajack Build | -11 -10 -9 ------- Run | Yrd Mat Mat Slots Evolved 2 | . . 2 Power . | . . . Propulsion 2 | . . 2 Utility . | . . . Weapon . | . . . Parts Attached 57 | 8 11 38 Power 7 | 1 2 4 Engine 7 | 1 2 4 Core . | . . . Reactor . | . . . Propulsion 22 | 3 3 16 Treads 1 | 1 . . Leg 21 | 2 3 16 Wheel . | . . . Hover . | . . . Flight . | . . . Utility 8 | 2 3 3 Device 4 | 1 2 1 Storage 3 | 1 1 1 Processor . | . . . Hackware . | . . . Protection 1 | . . 1 Artifact . | . . . Weapon 20 | 2 3 15 Energy Gun 6 | . 1 5 Energy Cannon 2 | . . 2 Ballistic Gun 9 | 2 1 6 Ballistic Cannon . | . . . Launcher 1 | . 1 . Special Weapon . | . . . Impact Weapon . | . . . Slashing Weapon . | . . . Piercing Weapon . | . . . Special Melee Weapon 2 | . . 2 Unidentified Prototypes 2 | . . 2 Parts Lost 24 | . 6 18 Power 4 | . 2 2 Propulsion 7 | . . 7 Utility 4 | . 2 2 Weapon 9 | . 2 7 Highest Loss Streak 6 | . 4 6 To Critical Strikes . | . . . Average Slot Usage (%) 90 | . 88 93 Engine 11 | . 13 10 Leg 33 | . 28 38 Device 7 | . 5 8 Storage 12 | . 14 11 Energy Gun 6 | . 1 11 Ballistic Gun 11 | . 14 8 Launcher 4 | . 10 . Naked Turns . | . . . Heaviest Build 36 | 14 30 36 Greatest Support 52 | 20 20 52 Greatest Overweight (x) 11 | . 1 11 Average Overweight (x) . | . . . Largest Inventory Capacity 15 | 8 15 15 Average Capacity 14 | 6 14 15 Most Carried 12 | 3 9 12 Average Carried 6 | 1 5 8 Final Capacity 15 | 8 15 15 Final Carried 7 | 1 7 5 Class Distribution -------------------- 81% | Mutant 18% | Scavenger-Mutant Dominant Class ---------------- Mutant | -10/Materials Mutant | -9/Materials Resources | -11 -10 -9 ----------- Run | Yrd Mat Mat Matter Collected 1162 | 288 135 739 Remotely 162 | 160 2 . Salvage Created 1766 | 97 392 1277 Parts 128 | 3 29 96 Haulers Intercepted 1 | . . 1 Recyclers Shooed . | . . . Parts Field Recycled . | . . . Retrieved Matter . | . . . Parts Self-Destructed . | . . . Prevented . | . . . Kills | -11 -10 -9 ------- Run | Yrd Mat Mat Combat Hostiles Destroyed 41 | . 13 28 Guns 26 | . 4 22 Cannons 4 | . . 4 AOE 11 | . 9 2 Classes Destroyed 11 | 1 7 3 Worker 3 | . . 3 Builder 3 | . 1 2 Tunneler 1 | . 1 . Hauler 1 | . . 1 Recycler 3 | 1 1 1 Mechanic 1 | . 1 . Operator 1 | . 1 . Watcher 6 | . 3 3 Swarmer 15 | . 6 9 Grunt 21 | . 7 14 Sentry 5 | . . 5 Best Kill Streak 10 | 1 8 10 Combat Bots Only 6 | . 6 4 Max Kills in Single Turn 4 | 1 4 3 Gunslinging . | . . . Exploded 3 | . 3 1 Melee . | . . . Uniques/NPCs Destroyed . | . . . Combat | -11 -10 -9 -------- Run | Yrd Mat Mat Hostile Shots Fired 423 | . 100 323 Missed 117 | . 31 86 Damage Taken 3252 | . 716 2536 Core 559 | . 157 402 Absorbed by Shields . | . . . Regen/Repaired (Parts) 233 | . 76 157 Core Remaining (%) 68 | 100 37 . Volleys Fired 203 | 2 63 138 Largest 2 | 2 2 2 Hottest 101 | 40 50 101 Shots Fired 326 | 4 79 243 Gun 293 | 4 61 228 Cannon 15 | . . 15 Launcher 18 | . 18 . Special . | . . . Kinetic 165 | 4 61 100 Thermal 109 | . . 109 Explosive 18 | . 18 . Electromagnetic 34 | . . 34 Robot Hit Streak 7 | 3 7 7 Robot Miss Streak 4 | . 3 4 Penetration Max . | . . . Secondary Targets 5 | . . 5 Max Gunslinging Chain 1 | . . 1 Shots Hit Robots 190 | 3 33 154 Core Hits 95 | 2 36 57 Critical Kills . | . . . Critical Parts Destroyed . | . . . Critical Strikes 4 | . . 4 Burn 4 | . . 4 Melee Attacks 6 | . . 6 Impact . | . . . Slashing . | . . . Piercing . | . . . Sneak Attacks 5 | . . 5 Combat Hostiles . | . . . Follow-up Attacks . | . . . Damage Inflicted 3710 | 35 1253 2422 Guns 2307 | 35 289 1983 Cannons 210 | . . 210 Explosions 1191 | . 962 229 Melee . | . . . Ramming 2 | . 2 . Kinetic 1221 | 35 289 897 Thermal 1073 | . . 1073 Explosive 962 | . 962 . Electromagnetic 452 | . . 452 Impact . | . . . Slashing . | . . . Piercing . | . . . Highest Corruption . | . . . Average Corruption . | . . . Corruption Purged . | . . . Corruption Blocked . | . . . Overload Shots . | . . . Overflow Damage 12 | . 12 . Projectiles . | . . . Explosions 12 | . 12 . Melee . | . . . Knockbacks . | . . . Impact . | . . . Kinetic . | . . . Secondary . | . . . Self-Inflicted Damage 70 | . 58 12 Shots 3 | . 2 1 Rammed . | . . . Targets Rammed 1 | . 1 . Kicked 1 | . 1 . Crushed . | . . . Highest Temperature 394 | . 19 394 Average Temperature 62 | . 8 71 Received Heat Transfer 1050 | . 162 888 Siege Activations . | . . . Robots Corrupted . | . . . Combat Hostiles . | . . . Parts Fried 2 | . . 2 Impact Corruptions . | . . . Robots Melted . | . . . Combat Hostiles . | . . . Parts Melted 4 | . . 4 Heat Transferred 2493 | . . 2493 Parts Sabotaged . | . . . Parts Stolen . | . . . Parts Stripped . | . . . Power Chain Reactions 4 | . . 4 Alert | -11 -10 -9 ------- Run | Yrd Mat Mat Peak Influence 481 | 5 307 481 Initial 52 | . 3 52 Average 216 | 1 161 280 Maximum Alert Level 2 | . 1 2 Low Security (%) 43 | 100 61 24 Level 1 52 | . 38 67 Level 2 4 | . . 8 Level 3 . | . . . Level 4 . | . . . Level 5 . | . . . High Security . | . . . Max Security . | . . . Squads Dispatched 5 | . 2 3 Investigation 4 | . 1 3 Extermination . | . . . Reinforcement 1 | . 1 . Assault . | . . . Garrison . | . . . Intercept . | . . . Searches Triggered . | . . . Construction Impeded . | . . . Haulers Reinforced . | . . . Active Scanning Responses . | . . . Cargo Convoy Interrupts . | . . . Stealth | -11 -10 -9 --------- Run | Yrd Mat Mat Distress Signals 3 | . . 3 Communications Jammed . | . . . Distress Signals . | . . . Times Spotted 66 | . 22 44 Peak Tracking Total 6 | . 6 6 Tactical Retreats . | . . . Traps | -11 -10 -9 ------- Run | Yrd Mat Mat Traps Triggered 1 | . 1 . Indirectly . | . . . Trap Hack Attempts . | . . . Triggered . | . . . Disarmed . | . . . Reprogrammed . | . . . Reused . | . . . Traps Extracted . | . . . Installed . | . . . Triggered . | . . . Machines | -11 -10 -9 ---------- Run | Yrd Mat Mat Machines Disabled 4 | . 3 1 Max in Single Turn 1 | . 1 1 Machines Repaired . | . . . Machines Dismantled . | . . . Machines Sabotaged . | . . . Overloaded Fab Kills . | . . . Hacking | -11 -10 -9 --------- Run | Yrd Mat Mat Machines Accessed 8 | . 3 5 Terminals 4 | . 1 3 Fabricators . | . . . Repair Stations 2 | . 1 1 Recycling Units 2 | . 1 1 Scanalyzers . | . . . Garrison Access . | . . . Total Hacks 23 | . 8 15 Successful 13 | . 4 9 Failed 10 | . 4 6 Catastrophic 3 | . . 3 Database Lockouts . | . . . Manual . | . . . Terminals 7 | . 1 6 Fabricators . | . . . Repair Stations 12 | . 6 6 Recycling Units 4 | . 1 3 Scanalyzers . | . . . Garrison Access . | . . . Terminal Hacks 5 | . 1 4 Robot Analysis 1 | . 1 . Prototype ID Bank 2 | . . 2 Locate Traps 1 | . . 1 Zone Layout 1 | . . 1 Fabricator Hacks . | . . . Repair Station Hacks 6 | . 2 4 Scan Component 3 | . 1 2 Repair 3 | . 1 2 Recycling Unit Hacks 2 | . 1 1 Report Inventory 2 | . 1 1 Scanalyzer . | . . . Garrison Access Hacks . | . . . Unauthorized Hacks . | . . . Terminals . | . . . Fabricators . | . . . Repair Stations . | . . . Recycling Units . | . . . Scanalyzers . | . . . Garrison Access . | . . . Data Cores Recovered 1 | . 1 . Used . | . . . Hacking Detections 5 | . 2 3 Full Trace Events 4 | . 1 3 Feedback Events . | . . . Feedback Blocked . | . . . Robot Schematics Acquired . | . . . Robots Built . | . . . Authchips . | . . . Time . | . . . Total Robot Build Rating . | . . . Part Schematics Acquired . | . . . Parts Built . | . . . Authchips . | . . . Time . | . . . Total Part Build Rating . | . . . Parts Repaired 3 | . 1 2 Time 90 | . 26 64 Parts Recycled . | . . . Recycled Matter . | . . . Retrieved Matter . | . . . Retrieved Components . | . . . Parts Scanalyzed . | . . . Part Schematics Acquired . | . . . Parts Damaged . | . . . Bothacking | -11 -10 -9 ------------ Run | Yrd Mat Mat Used RIF Installer . | . . . Robots Hacked 3 | . . 3 Non-combat 3 | . . 3 Combat . | . . . Robot Hacks Applied 3 | . . 3 parse_system 3 | . . 3 Relay Couplers Released . | . . . Fabnet Peak Effective % . | . . . Robots Rewired . | . . . Allies Hacked . | . . . Hacks Repelled . | . . . Allies | -11 -10 -9 -------- Run | Yrd Mat Mat Total Allies . | . . . Largest Group . | . . . Highest-Rated Group . | . . . Highest-Rated Ally . | . . . Total Orders . | . . . Ally Attacks . | . . . Total Damage . | . . . Kills . | . . . Allies Corrupted . | . . . Allies Melted . | . . . Intel | -11 -10 -9 ------- Run | Yrd Mat Mat Robot Analysis Total 1 | . 1 . Derelict Logs Recovered . | . . . Drone Launches . | . . . Drone Recoveries . | . . . Exploration | -11 -10 -9 ------------- Run | Yrd Mat Mat Turns Passed 1883 | 71 839 973 Spaces Moved 759 | 49 370 340 Core 19 | 14 . 5 Treads . | . . . Legs 740 | 35 370 335 Wheels . | . . . Hover . | . . . Flight . | . . . Fastest Speed 50 | 50 120 120 Average Speed 154 | 100 181 132 Slowest Speed 600 | 120 190 600 Overloaded Moves . | . . . Propulsion Burnouts . | . . . Robots Hopped . | . . . Cave-ins Triggered . | . . . Exploration Rate (%) 39 | 4 70 43 Regions Visited 2 Branch Regions . Pre-discovered Areas . | . . . Known Exits Taken . | . . . Unknown Exits Taken 2 | 1 1 . Scrap Searched . | . . . Spaces Dug 7 | . 7 . Terrain Destroyed 97 | . 90 7 Melee . | . . . Projectile . | . . . AOE 97 | . 90 7 Terrain Rammed . | . . . Walls Destroyed . | . . . Machines Disabled . | . . . Actions | -11 -10 -9 --------- Run | Yrd Mat Mat Total 1155 | 68 468 619 Wait 61 | . 5 56 Move 757 | 48 369 340 Hop . | . . . Pick Up 52 | 9 15 28 Fast Attach . | . . . Attach 44 | 8 8 28 Detach 4 | . 2 2 Swap 13 | . 3 10 Drop 14 | 1 2 11 Fire 203 | 2 63 138 Melee 6 | . . 6 Ram . | . . . Kick 1 | . 1 . Crush . | . . . Escape Stasis . | . . . Rewire . | . . . Trap . | . . . Miscellaneous . | . . . Route ------- -11/Scrapyard -10/Materials (discovered 5 exits: *Mat x3 / [*Min x2]) -9/Materials (discovered 1 exit: [Min]) History --------- Turn | Location | Event 5 | -11/Scrapyard | Discovered new exit (range 14) 72 | -11/Scrapyard | Entered Materials 207 | -10/Materials | Discovered new exit (range 15) 268 | -10/Materials | Discovered new exit (range 9) 311 | -10/Materials | Build established: Mutant 363 | -10/Materials | Discovered new exit (range 16) 480 | -10/Materials | Discovered new exit (range 3) 502 | -10/Materials | Repaired Aluminum Leg? 673 | -10/Materials | Core integrity fell below 50% 729 | -10/Materials | Lost 4 parts (1p1u2w) 858 | -10/Materials | Discovered new exit (range 14) 911 | -10/Materials | Entered another Materials area 911 | -9/Materials | Evolved 2 slots: Propulsion x2 1124 | -9/Materials | Build established: Scavenger-Mutant 1278 | -9/Materials | Lost 6 parts (4n1u1w) 1366 | -9/Materials | Discovered new exit (range 18) 1445 | -9/Materials | Build established: Mutant 1580 | -9/Materials | Repaired Imp. Aluminum Leg 1657 | -9/Materials | Core integrity fell below 50% 1701 | -9/Materials | Lost 3 parts (1u2w) 1855 | -9/Materials | Repaired Imp. Aluminum Leg 1868 | -9/Materials | Core integrity fell below 20% 1884 | -9/Materials | Destroyed by G-34 Mercenary with Small Laser Last Messages --------------- Repair station completes Imp. Aluminum Leg repairs. G-34 Mercenary destroyed. Chain reaction triggered in Ion Engine. G-34 Mercenary suffers critical hit (Burn). Repair Station disabled. Backup Propulsion I tumbles out of repair station. Imp. Aluminum Leg destroyed. Beam Rifle destroyed. Imp. Ion Engine destroyed. Jacked W-16 Scout... >>parse_system Reading system data... Lgt. EM Pulse Cannon destroyed. Chain reaction triggered in Lgt. Ion Engine. U-05 Engineer destroyed. Heat Sink fried. G-34 Mercenary destroyed. Switching to secondary target: G-34 Mercenary. Map ----- +----------------------------------------------------+ | ?????????????????????????????????????????????????? | | ?????????????????????????????????????????????????? | | ?????????????????????????????????????????????????? | | ?????????????????????????????????????????????????? | | ??????????????????????????????????" #??????????? | | ??????????????????????????????????#####??????????? | | ??????????????????????????????????######?????????? | | ?????????????????????????????????? #?????????? | | ??????????????????????????????????""" #?????????? | | ?????????????????????? ???????""" #?????????? | | ?????????????????????? T ???????""" #?????????? | | ?????????????????????? ???????""" #?????????? | | ?????????????????????? ???????""" #??######## | | ??????????????????????# #??????? #??# | | ??????????????????????# !#??????+######??# = | | ??????????????????????#g*%#?????? ######### | | ??????????????????????# =#?????? # T # | | ??????????????????????# g #?????? # """ # | | ??????????????????????# #?????? # """ # | | ????????????########### ####### # """ # = "T | | ????????????# ] # + # | | ????????????# # w = ################ | | ???""" #????# """"""" # % %! ##### * | | ???""" ?????# """"""" + =[^ = k *%=[ = | | ???"""??????# """"""" # !%= ^ % =% %[ | | ??""" ??????# """"""" # =@= """" ###+#### | | ?? ???????# """"""" # ="R" """" # | | ?? ????????# # """ """" # | | ##+####?????###+####### % + | | #?????###!###???# = % # """""" | | !=####### [% #???# ##+###### """""" | | = *= !%! ! ##### ###= * ## """""" | | T [!==* [[! #?# ## """""" | | * = [[ [ ##### a #?# ## """""" | | = #######[[ #???##/###### #?# ######### | | ! #?????#######??? ?????# #?# || #???????? | | ##????????????????? ?????# #?# | #???????? | | #????????????????????????? #?# | #??????? | | #????????????????????????? #?# ##??????? | | #????????????????????????? #?# #???????? | | #????????????????????????? #?# #???????? | | #????????????????????????? ??########???????? | | #????????????????????????? ?????????????????? | | #????????????????????????? ?????????????????? | | #???????????????????????????????????????????? | | ######???????????????????????????????????????????? | | ?????????????????????????????????????????????????? | | ?????????????????????????????????????????????????? | | ?????????????????????????????????????????????????? | | ?????????????????????????????????????????????????? | +----------------------------------------------------+ Best States ------------- Heat Dissipation 50 Energy Generation 14 Energy Capacity 415 Matter Stores 300 Matter Capacity 300 Sight Range 16 Robot Scan Range 14 Terrain Scan Density 10 Armor Coverage 150 Evasion (%) 55 Item Schematics ----------------- None Robot Schematics ------------------ None Fabricated ------------ Nothing Alien Tech Used ----------------- None Achievements -------------- Use The Force Challenges ------------ None Game ------ Seed CoilHoverFlightbrick Manual? 0 Play Time 00:32:13 Cumulative 4.1 hours Start 2024.07.04 @ 22:29:10 End 2024.07.04 @ 23:01:37 Sessions 1 Manual Loads 0 Difficulty Rogue Special Mode None Game No. 7 Rogue 7 Adventurer 0 Explorer 0 Win Type - Total 0 Types 0/0/0/0/0/0/0/0/0 Lore% 1 Gallery% 7 Achievement% 5 Wizard Run 0 Options --------- Layout 1 ASCII 0 Keyboard 0 Movement Mouse Keybinds 0 Fullscreen 1 Font 24/Crisp Map View 50x35 Zoom Use 0% Tactical HUD 0 Map Filters NONE Filters NONE Steam 1 RUN: 13d97b5f-5d23-4602-ab8a-bf5ca43d6c2f